 Dungeon Crawl Stone Soup version 0.28.0-43-g3370ac3207 (webtiles) character file.

Game seed: 12423309481313042365

69 safid the Skirmisher (level 4, -1/40 HPs)
             Began as a Hill Orc Fighter on Mar 11, 2022.
             Slain by a lemure (3 damage)
             ... led by Pikel
             ... on level 4 of the Dungeon.
             The game lasted 00:03:16 (2045 turns).

safid the Skirmisher (Hill Orc Fighter)             Turns: 2045, Time: 00:03:16

Health: -1/40      AC:  9    Str: 20    XL:     4   Next: 20%
Magic:  0/4        EV:  9    Int:  8    God:
Gold:   75         SH:  4    Dex: 10    Spells: 3/3 levels left

rFire   . . .      SeeInvis .   r - +2 hand axe (elec)
rCold   . . .      Faith    .   c - +0 buckler
rNeg    . . .      Spirit   +   b - +0 scale mail
rPois   .          Reflect  .   (no helmet)
rElec   .          Harm     .   (no cloak)
rCorr   .          Rampage  .   x - +0 pair of gloves
Will    .....                   u - +0 pair of boots
Stlth   ..........              n - amulet of guardian spirit
HPRegen 0.13/turn               (no ring)
MPRegen 0.09/turn               (no ring)

@: no status effects
A: no striking features
a: no special abilities


You were on level 4 of the Dungeon.
You visited 1 branch of the dungeon, and saw 4 of its levels.

You collected 75 gold pieces.

Inventory:

Hand Weapons
 a - a +0 war axe
 r - a +2 hand axe of electrocution (weapon)
Missiles
 s - 4 javelins (quivered)
Armour
 b - a +0 scale mail (worn)
 c - a +0 buckler (worn)
 u - a +0 pair of boots (worn)
 x - a +0 pair of gloves (worn)
Jewellery
 n - an amulet of guardian spirit (around neck)
Wands
 p - a wand of paralysis (12)
Scrolls
 e - a scroll of magic mapping {unknown}
 h - 2 scrolls of identify {unknown}
 j - 2 scrolls of vulnerability {unknown}
 l - a scroll of enchant armour {unknown}
 o - a scroll of summoning {unknown}
 q - a scroll of immolation {unknown}
 t - a scroll of teleportation {unknown}
 v - a scroll of noise {unknown}
 w - a scroll of brand weapon {unknown}
 y - a scroll of blinking {unknown}
Potions
 d - a potion of might
 f - 2 potions of haste {unknown}
 g - 2 potions of attraction {unknown}
 i - a potion of flight {unknown}
 k - 3 potions of curing {unknown}
 m - 2 potions of heal wounds {unknown}


   Skills:
 - Level 4.0 Fighting
 + Level 4.0 Axes
 - Level 4.0 Armour
 - Level 4.0 Shields


You had 3 spell levels left.
You didn't know any spells.
Your spell library contained the following spells:

 Spells                   Type           Power      Damage    Failure   Level
 Animate Armour           Summ/Erth      0%         N/A       100%        4
 Blade Hands              Tmut           0%         N/A       100%        5
 Iron Shot                Conj/Erth      0%         9d1       100%        6


Dungeon Overview and Level Annotations

Branches:
Dungeon (4/15)
 Temple: D:4-7

Altars:

Annotations:
D:4 Pikel


Message History

You slash Pikel!
Pikel is lightly wounded.
You closely miss the lemure. The lemure hits you but does no damage.
Pikel hits you but does no damage.
Unknown command.
You hit Pikel but do no damage. Lightning courses through Pikel!
Pikel is heavily wounded.
You hit the lemure but do no damage. Lightning courses through the lemure!!
The lemure hits you but does no damage.
Pikel hits you with a +0 whip of electrocution.
You are electrocuted!
The lemure hits you.
Pikel hits you with a +0 whip of electrocution.
You barely miss Pikel.
Pikel is heavily wounded.
You hit the lemure. The lemure hits you! Pikel hits you but does no damage.
You are electrocuted!
* * * LOW HITPOINT WARNING * * *
You block the lemure's attack.
Unknown command.
Unknown command.
Unknown command.
You hit Pikel.
Pikel is severely wounded.
You hit the lemure. Lightning courses through the lemure!
You kill the lemure!
That felt strangely unrewarding.
You closely miss the lemure. Pikel barely misses you.
The lemure barely misses you.
Unknown command.
You hit Pikel.
Pikel is severely wounded.
You barely miss the lemure. x2; The lemure barely misses you.
Pikel hits you with a +0 whip of electrocution.
* * * LOW HITPOINT WARNING * * *
You block the lemure's attack. x2
Unknown command.
You hit Pikel.
Pikel is severely wounded.
You hit the lemure. Lightning courses through the lemure!!
You barely miss the lemure. Pikel barely misses you. The lemure hits you.
You die...

### ##.#
## #.@###
..#
#55K.#...#
#.......#
##.......#
####....#
#....#
....#
....#
...>#


You could see Pikel and 2 lemures.

Vanquished Creatures
  2 lemures (D:4)
  3 worms (D:2)
  3 dart slugs (D:2)
  2 orcs
  2 bats (D:1)
  6 endoplasms (D:1)
  2 giant cockroaches
  5 goblins
  5 hobgoblins
  3 quokkas
  4 ball pythons
  A frilled lizard (D:1)
  5 kobolds
  7 rats
50 creatures vanquished.

Vanquished Creatures (others)
  4 toadstools (D:1)
4 creatures vanquished.

Grand Total: 54 creatures vanquished

Notes
Turn   | Place    | Note
-------+----------+-------------------------------------------
     0 | D:1      | safid the Hill Orc Fighter began the quest for the Orb.
     0 | D:1      | Reached XP level 1. HP: 19/19 MP: 1/1
     2 | D:1      | Found a faded altar of an unknown god.
   111 | D:1      | Reached XP level 2. HP: 27/27 MP: 2/2
   354 | D:1      | Reached XP level 3. HP: 22/33 MP: 3/3
   931 | D:2      | Reached XP level 4. HP: 20/40 MP: 1/4
  2029 | D:4      | Noticed a lemure
  2030 | D:4      | Noticed Pikel
  2030 | D:4      | Noticed a lemure
  2033 | D:4      | Noticed a lemure
  2034 | D:4      | Noticed a lemure
  2039 | D:4      | Killed a lemure
  2043 | D:4      | Killed a lemure
  2044 | D:4      | HP: 2/40 [Pikel/+0 whip of electrocution (2)]
  2045 | D:4      | Slain by a lemure

Illustrated notes

Levels and vault maps discovered:
D:1:      ldierk_walled_garden_2, layout_basic, basic_ecumenical_altar,
          minmay_misc_feat_columns
D:2:      layout_rooms, st_stairs_13, chequers_serial_rivers_room_b,
          corexii_shack
D:3:      layout_basic, serial_curves, eino_curves_01, eino_curves_01
D:4:      layout_cave_pools, worldfamousw_hep_ancestral_shrine,
          nicolae_uskayaw_en_pointe, serial_bayou, serial_bayou_pond_c,
          serial_bayou_pond_e, serial_bayou_pond_a, serial_bayou_pond_e,
          minmay_crystal_water, uniq_pikel, uniq_menkaure

Skill      XL: |  1  2  3  4 |
---------------+-------------+-----
Axes           | 3 4 |  4.0
Fighting       | 4 |  4.0
Armour         | 4 |  4.0
Shields        | 4 |  4.0

Action                   |  1- 3 |  4- 6 || total
-------------------------+-------+-------++-------
Melee: War axe           |    85 |    10 ||    95
       Hand axe          |       |    14 ||    14
Armor: Scale mail        |    41 |     9 ||    50
Dodge: Dodged            |    37 |    14 ||    51
Block: Buckler           |    16 |     8 ||    24
